[Event "White Rook U14 Final 2019"]
[Site "Sochi"]
[Date "2019.06.10"]
[Round "9.9"]
[White "Abrazevich, Yauheni"]
[Black "Kuzmin, Roman"]
[Result "0-1"]
[ECO "A04"]
[WhiteElo "1888"]
[BlackElo "2119"]
[Annotator "NA"]
[PlyCount "77"]
[EventDate "2019.06.02"]
[EventCountry "RUS"]
[SourceTitle "playchess.com"]
[Source "ChessBase"]
[SourceQuality "1"]
[TimeControl "5400+30"]

1. e4 c5 2. Nf3 d6 3. d3 Nc6 4. g3 g6 5. Bg2 Bg7 6. O-O e5 7. c3 Nge7 8. Be3 O-O 9. a3 h6 10. Ne1 Be6 11. b4 cxb4 12. axb4 a6 13. Qd2 Kh7 14. Nc2 d5 15. Bc5 Re8 16. Bxe7 Nxe7 17. Rd1 Qc7 18. Ne3 d4 19. Nd5 Bxd5 20. exd5 dxc3 21. Nxc3 f5 22. Rac1 Qd6 23. Na4 b5 24. Nc5 Nxd5 25. Nb7 Qd7 26. Rc5 Ne7 27. Qc2 Rac8 28. Rc1 e4 29. dxe4 Qxb7 30. exf5 Qd7 31. fxg6+ Kh8 32. Bc6 Nxc6 33. Rxc6 Rxc6 34. Qxc6 Qe7 35. Rb1 Qe6 36. Rc1 Bf8 37. Qc3+ Kg8 38. Qd3 Bxb4 39. h4 0-1

[Event "White Rook U14 Final 2019"]
[Site "Sochi"]
[Date "2019.06.10"]
[Round "9.10"]
[White "Pingin, Artem"]
[Black "Dyl, Nikita"]
[Result "1-0"]
[ECO "C41"]
[WhiteElo "2108"]
[BlackElo "1646"]
[Annotator "NA"]
[PlyCount "43"]
[EventDate "2019.06.02"]
[EventCountry "RUS"]
[SourceTitle "playchess.com"]
[Source "ChessBase"]
[SourceQuality "1"]
[TimeControl "5400+30"]

1. e4 d6 2. d4 Nf6 3. Nc3 g6 4. Be3 Bg7 5. Qd2 O-O 6. f3 e5 7. Nge2 exd4 8. Nxd4 Nbd7 9. O-O-O Ne5 10. h3 a6 11. f4 Ned7 12. Bd3 Re8 13. Rhe1 Nc5 14. Bf2 Nxd3+ 15. Qxd3 b5 16. Bh4 Qd7 17. e5 dxe5 18. fxe5 Nh5 19. Qf3 Rb8 20. Nc6 Qe6 21. Nxb8 b4 22. Nd5 1-0

[Event "White Rook U14 Final 2019"]
[Site "Sochi"]
[Date "2019.06.10"]
[Round "9.11"]
[White "Zaiko, Stanislav"]
[Black "Shirkunov, Alexandr"]
[Result "1/2-1/2"]
[ECO "B13"]
[WhiteElo "1176"]
[BlackElo "1557"]
[Annotator "NA"]
[PlyCount "104"]
[EventDate "2019.06.02"]
[EventCountry "RUS"]
[SourceTitle "playchess.com"]
[Source "ChessBase"]
[SourceQuality "1"]
[TimeControl "5400+30"]

1. e4 c6 2. d4 d5 3. exd5 cxd5 4. Bd3 Nc6 5. c3 Nf6 6. h3 g6 7. Nf3 Bf5 8. Bxf5 gxf5 9. Bg5 Bg7 10. O-O O-O 11. Nbd2 Qc7 12. Re1 Ne4 13. Nxe4 fxe4 14. Nh4 e6 15. g3 b5 16. Bf4 Qe7 17. a3 Rad8 18. Qe2 a6 19. Red1 f5 20. Ng2 e5 21. dxe5 Nxe5 22. Bxe5 Qxe5 23. Qe3 d4 24. cxd4 Rxd4 25. Rxd4 Qxd4 26. Qxd4 Bxd4 27. Rb1 Rc8 28. Ne1 Kf7 29. Kf1 Ke6 30. Ke2 a5 31. Kf1 b4 32. axb4 axb4 33. Ke2 b3 34. g4 fxg4 35. hxg4 Rf8 36. f3 Rf4 37. Ra1 exf3+ 38. Nxf3 Rxg4 39. Ra4 Rg2+ 40. Kd3 Bf6 41. Nd2 h5 42. Nxb3 Rg3+ 43. Kc2 h4 44. Nc5+ Kd5 45. Ne4 Rg2+ 46. Kd3 Bxb2 47. Ra5+ Ke6 48. Ng5+ Kf6 49. Nf3 h3 50. Rh5 Rg3 51. Ke2 Rg2+ 52. Kf1 Rg3 1/2-1/2

[Event "White Rook U14 Final 2019"]
[Site "Sochi"]
[Date "2019.06.10"]
[Round "9.12"]
[White "Toledo Flores, Marianna"]
[Black "Zeliantsova, Kseniya"]
[Result "0-1"]
[ECO "B42"]
[WhiteElo "1530"]
[BlackElo "1892"]
[Annotator "NA"]
[PlyCount "123"]
[EventDate "2019.06.02"]
[EventCountry "RUS"]
[SourceTitle "playchess.com"]
[Source "ChessBase"]
[SourceQuality "1"]
[TimeControl "5400+30"]

1. e4 c5 2. Nf3 e6 3. d4 cxd4 4. Nxd4 Qb6 5. Nb3 a6 6. Bd3 Nc6 7. Be3 Qc7 8. O-O Nf6 9. f4 d6 10. c4 Nb4 11. Nc3 Nxd3 12. Qxd3 Bd7 13. Kh1 Be7 14. Nd4 Rc8 15. b3 b5 16. Rac1 b4 17. Nd1 O-O 18. Nf2 g6 19. Rce1 e5 20. Nc2 Qb7 21. Bd2 a5 22. Ne3 Bc6 23. Nd5 Bxd5 24. exd5 Nd7 25. f5 Nc5 26. Qh3 Qd7 27. Ng4 f6 28. Re3 g5 29. Qh6 Bd8 30. h4 Qg7 31. hxg5 Qxh6+ 32. Nxh6+ Kg7 33. g6 hxg6 34. Rg3 g5 35. Rh3 Ne4 36. Be1 Rh8 37. Ng4 Bb6 38. Rff3 Bd4 39. Kh2 Nc3 40. a4 e4 41. Rf1 e3 42. Bg3 Ne4 43. Re1 Rce8 44. Re2 Bc5 45. Be1 Nc3 46. Bxc3 bxc3 47. Rxh8 Rxh8+ 48. Kg3 Rb8 49. Nxe3 Bxe3 50. Rxe3 Rxb3 51. c5 c2 52. Rxb3 c1=Q 53. Rb7+ Kh6 54. Kf3 Qxc5 55. Rb5 Qa3+ 56. Kf2 Qb4 57. Rb8 Qd4+ 58. Ke2 Qxd5 59. g3 Qxf5 60. Rh8+ Kg7 61. Rd8 Qe4+ 62. Kd2 0-1

[Event "White Rook U14 Final 2019"]
[Site "Sochi"]
[Date "2019.06.10"]
[Round "9.13"]
[White "Mongush, Kezhik"]
[Black "Sizov, Lev"]
[Result "1-0"]
[ECO "D31"]
[WhiteElo "1824"]
[BlackElo "1692"]
[Annotator "NA"]
[PlyCount "100"]
[EventDate "2019.06.02"]
[EventCountry "RUS"]
[SourceTitle "playchess.com"]
[Source "ChessBase"]
[SourceQuality "1"]
[TimeControl "5400+30"]

1. d4 d5 2. c4 e6 3. Nc3 c6 4. Nf3 dxc4 5. a4 Bb4 6. e3 b5 7. Bd2 a5 8. axb5 Bxc3 9. Bxc3 cxb5 10. b3 Bb7 11. bxc4 b4 12. Bb2 Nf6 13. Bd3 O-O 14. O-O Nbd7 15. c5 Qc7 16. Bb5 Bc6 17. Ba4 Rfb8 18. Nd2 h6 19. Nc4 Bb5 20. Bxb5 Rxb5 21. Qa4 Rbb8 22. Qb3 h5 23. Ra4 Ra6 24. Rfa1 Rba8 25. Qd3 Qc6 26. Rxa5 Rxa5 27. Nxa5 Qc7 28. Qb5 Rc8 29. Qxb4 Rb8 30. Qd2 Ng4 31. g3 h4 32. Bc3 hxg3 33. hxg3 Ndf6 34. Qd3 Nh5 35. Be1 Rb2 36. Nc4 Nxg3 37. Ra8+ Rb8 38. Rxb8+ Qxb8 39. fxg3 Qa8 40. Qe2 f5 41. Ne5 Nf6 42. c6 Nd5 43. Bf2 Qa1+ 44. Kg2 Qc3 45. Qd3 Qc1 46. e4 fxe4 47. Qxe4 Nf6 48. Qe2 Qc3 49. Qc4 Qd2 50. Qxe6+ Kh7 1-0

[Event "White Rook U14 Final 2019"]
[Site "Sochi"]
[Date "2019.06.10"]
[Round "9.14"]
[White "Komissarova, Soigina"]
[Black "Fomkin, Dmitry"]
[Result "1/2-1/2"]
[ECO "B56"]
[WhiteElo "1665"]
[BlackElo "1733"]
[Annotator "NA"]
[PlyCount "71"]
[EventDate "2019.06.02"]
[EventCountry "RUS"]
[SourceTitle "playchess.com"]
[Source "ChessBase"]
[SourceQuality "1"]
[TimeControl "5400+30"]

1. e4 c5 2. Nf3 d6 3. d4 cxd4 4. Nxd4 Nf6 5. Nc3 Nc6 6. f3 e5 7. Nb3 Be7 8. Be3 O-O 9. Qd2 a5 10. a4 Nb4 11. Bb5 Be6 12. O-O Rc8 13. Qf2 d5 14. exd5 Nfxd5 15. Rfd1 Qc7 16. Nxd5 Nxd5 17. c4 Nxe3 18. Qxe3 Rfd8 19. Kh1 Bb4 20. h3 Rd6 21. Rf1 f6 22. f4 exf4 23. Qxf4 Rcd8 24. Rac1 Qf7 25. c5 Rd5 26. Bc4 Re5 27. Bxe6 Qxe6 28. Nd4 Qd5 29. Nf3 Re4 30. Qc7 Rd7 31. Qc8+ Rd8 32. Qc7 Rd7 33. Qb8+ Rd8 34. Qc7 Rd7 35. Qc8+ Rd8 36. Qc7 1/2-1/2

[Event "White Rook U14 Final 2019"]
[Site "Sochi"]
[Date "2019.06.10"]
[Round "9.15"]
[White "Ponomarev, Andrey A."]
[Black "Zhambalov, Bator"]
[Result "1-0"]
[ECO "B33"]
[WhiteElo "1919"]
[BlackElo "1142"]
[Annotator "NA"]
[PlyCount "67"]
[EventDate "2019.06.02"]
[EventCountry "RUS"]
[SourceTitle "playchess.com"]
[Source "ChessBase"]
[SourceQuality "1"]
[TimeControl "5400+30"]

1. e4 c5 2. Nf3 Nc6 3. d4 cxd4 4. Nxd4 Nf6 5. Nc3 e5 6. Ndb5 d6 7. Bg5 a6 8. Na3 b5 9. Bxf6 gxf6 10. Nd5 Be6 11. Bd3 f5 12. c3 f4 13. g3 fxg3 14. hxg3 h6 15. Nc2 Rg8 16. Nce3 Rb8 17. Qf3 Rg6 18. Nf5 a5 19. Bc2 Rb7 20. Rd1 f6 21. Bb3 a4 22. Nc7+ Rxc7 23. Bxe6 Rg5 24. Nxh6 Qe7 25. Bd5 Kd7 26. Ng8 Qg7 27. Rh7 Qxh7 28. Nxf6+ Kc8 29. Nxh7 Rgg7 30. Qxf8+ Kb7 31. Bxc6+ Kxc6 32. Qxd6+ Kb7 33. Nf6 Rc6 34. Qxe5 1-0

[Event "White Rook U14 Final 2019"]
[Site "Sochi"]
[Date "2019.06.10"]
[Round "9.16"]
[White "Sargaeva, Darima"]
[Black "Namay, Viktoria"]
[Result "1-0"]
[ECO "B15"]
[WhiteElo "1506"]
[BlackElo "1359"]
[Annotator "NA"]
[PlyCount "149"]
[EventDate "2019.06.02"]
[EventCountry "RUS"]
[SourceTitle "playchess.com"]
[Source "ChessBase"]
[SourceQuality "1"]
[TimeControl "5400+30"]

1. e4 c6 2. d4 d5 3. Nc3 dxe4 4. Nxe4 Nf6 5. Nxf6+ exf6 6. c3 Bd6 7. Bd3 O-O 8. Qc2 Re8+ 9. Ne2 h5 10. O-O Qc7 11. h3 Nd7 12. c4 Nf8 13. c5 Be7 14. Bc4 Be6 15. Nf4 Bxc4 16. Qxc4 Rad8 17. Rd1 Qd7 18. Be3 g6 19. d5 cxd5 20. Nxd5 Qe6 21. Qb5 a6 22. Qxb7 Rb8 23. Nxe7+ Qxe7 24. Qxe7 Rxe7 25. b3 Ne6 26. Rd6 Rc7 27. Rxa6 Nxc5 28. Bxc5 Rxc5 29. Rxf6 Ra5 30. Rf3 Ra3 31. Re3 Kg7 32. Kf1 Rba8 33. Re2 Rxb3 34. axb3 Rxa1+ 35. Re1 Ra8 36. Rb1 Rb8 37. Ke2 Kf6 38. Kd3 Ke5 39. Kc4 Rc8+ 40. Kd3 Kd5 41. b4 Ra8 42. b5 Ra3+ 43. Ke2 Ra8 44. Kf3 Rb8 45. Kf4 f6 46. g4 h4 47. b6 Rb7 48. g5 f5 49. f3 Kc6 50. Rb4 Kd6 51. Ke3 Ke5 52. Rb5+ Ke6 53. Kd4 Kd6 54. Rd5+ Ke6 55. Rb5 Kd6 56. f4 Kc6 57. Rb2 Kd6 58. Kc4 Kc6 59. Re2 Rxb6 60. Re6+ Kc7 61. Rxb6 Kxb6 62. Kd5 Kb5 63. Ke6 Kc4 64. Kf6 Kd4 65. Kxg6 Ke4 66. Kf6 Kxf4 67. g6 Kg3 68. Kxf5 Kxh3 69. g7 Kh2 70. g8=Q h3 71. Kg4 Kh1 72. Qd5+ Kh2 73. Qd2+ Kh1 74. Kxh3 Kg1 75. Qg2# 1-0

[Event "White Rook U14 Final 2019"]
[Site "Sochi"]
[Date "2019.06.10"]
[Round "9.17"]
[White "Morozov, Gennady"]
[Black "Erastov, Semen"]
[Result "1-0"]
[ECO "D31"]
[WhiteElo "1997"]
[BlackElo "2028"]
[Annotator "NA"]
[PlyCount "65"]
[EventDate "2019.06.02"]
[EventCountry "RUS"]
[SourceTitle "playchess.com"]
[Source "ChessBase"]
[SourceQuality "1"]
[TimeControl "5400+30"]

1. d4 d5 2. c4 e6 3. Nc3 c6 4. e4 dxe4 5. Nxe4 Bb4+ 6. Nc3 c5 7. a3 Ba5 8. Nf3 Ne7 9. Be3 cxd4 10. Nxd4 Bxc3+ 11. bxc3 O-O 12. Bd3 Qa5 13. Qc2 f5 14. O-O e5 15. Nb5 Nbc6 16. f4 e4 17. Be2 Be6 18. Rfd1 Rfd8 19. Bc5 a6 20. Bb4 Qb6+ 21. c5 Nxb4 22. cxb4 Qc6 23. Nd4 Rxd4 24. Rxd4 Nd5 25. Bc4 Ne3 26. Bxe6+ Qxe6 27. Qa2 Re8 28. h3 Kf8 29. Qxe6 Rxe6 30. Ra2 b5 31. cxb6 g5 32. fxg5 f4 33. g6 1-0

[Event "White Rook U14 Final 2019"]
[Site "Sochi"]
[Date "2019.06.10"]
[Round "9.18"]
[White "Zhukov, Maksim"]
[Black "Ermakov, Maksim"]
[Result "1-0"]
[ECO "D94"]
[WhiteElo "1986"]
[BlackElo "1623"]
[Annotator "NA"]
[PlyCount "108"]
[EventDate "2019.06.02"]
[EventCountry "RUS"]
[SourceTitle "playchess.com"]
[Source "ChessBase"]
[SourceQuality "1"]
[TimeControl "5400+30"]

1. d4 d5 2. c4 c6 3. Nc3 g6 4. Nf3 Nf6 5. e3 Bg7 6. Bd3 O-O 7. O-O e6 8. Re1 Nbd7 9. e4 dxe4 10. Nxe4 Nxe4 11. Bxe4 c5 12. Be3 cxd4 13. Nxd4 a6 14. g3 Qc7 15. Qe2 e5 16. Nb3 Kh8 17. Bg2 f5 18. Bd2 e4 19. Bb4 Re8 20. Rad1 Nf6 21. Bd6 Qf7 22. Nc5 Be6 23. Nxe6 Rxe6 24. Qc2 Rc8 25. Bf1 Ng4 26. Rd5 Nf6 27. Rc5 Rxc5 28. Bxc5 Rc6 29. Bb4 Ng4 30. Rd1 h6 31. Rd8+ Kh7 32. Qd1 Ne5 33. Bc3 Rc7 34. Bxe5 Bxe5 35. b3 Bf6 36. Rd6 e3 37. fxe3 Bg5 38. Qf3 Re7 39. Rd3 Qe6 40. Kf2 Qe5 41. h4 Bf6 42. Rd5 Qc3 43. Bd3 Kg7 44. Qe2 f4 45. gxf4 Bxh4+ 46. Kg2 Qf6 47. Rd4 Rf7 48. c5 h5 49. Rd6 Qc3 50. Rxg6+ Kf8 51. Qc2 Qe1 52. Bc4 Qxe3 53. Bxf7 Qxf4 54. Be6 Bf6 1-0

[Event "White Rook U14 Final 2019"]
[Site "Sochi"]
[Date "2019.06.10"]
[Round "9.20"]
[White "Kuzmina, Varvara"]
[Black "Korovina, Yana"]
[Result "1-0"]
[ECO "E17"]
[WhiteElo "1190"]
[BlackElo "1672"]
[Annotator "NA"]
[PlyCount "90"]
[EventDate "2019.06.02"]
[EventCountry "RUS"]
[SourceTitle "playchess.com"]
[Source "ChessBase"]
[SourceQuality "1"]
[TimeControl "5400+30"]

1. d4 Nf6 2. Nf3 e6 3. g3 d5 4. Bg2 Be7 5. O-O O-O 6. c4 b6 7. Qc2 Bb7 8. b3 c5 9. Bb2 Nc6 10. Rd1 Qc7 11. Nc3 Rfd8 12. e3 Rac8 13. Rac1 Qb8 14. Qe2 Qa8 15. dxc5 bxc5 16. cxd5 exd5 17. Na4 Ne4 18. Nd2 Nxd2 19. Rxd2 Nb4 20. a3 Na6 21. Qg4 d4 22. Bxb7 Qxb7 23. exd4 cxd4 24. Rxd4 Rxc1+ 25. Bxc1 Rxd4 26. Qxd4 Bf8 27. Qc4 Nc7 28. b4 Ne6 29. Nc5 Qc6 30. Qe4 Qc8 31. Qb7 Qd8 32. Qd7 Qb6 33. Nxe6 fxe6 34. Be3 Qa6 35. Qxa7 Qd3 36. Kg2 Qe4+ 37. f3 Qc2+ 38. Bf2 Qa2 39. b5 h6 40. a4 Qb2 41. Qd4 Qb3 42. b6 Kh7 43. a5 Qb4 44. Qe4+ Kh8 45. b7 Bd6 1-0

[Event "White Rook U14 Final 2019"]
[Site "Sochi"]
[Date "2019.06.10"]
[Round "9.21"]
[White "Shakhov, Dmitriy"]
[Black "Gashev, Matvei"]
[Result "1/2-1/2"]
[ECO "A57"]
[WhiteElo "1624"]
[BlackElo "1968"]
[Annotator "NA"]
[PlyCount "150"]
[EventDate "2019.06.02"]
[EventCountry "RUS"]
[SourceTitle "playchess.com"]
[Source "ChessBase"]
[SourceQuality "1"]
[TimeControl "5400+30"]

1. d4 Nf6 2. Nf3 c5 3. d5 g6 4. c4 b5 5. a4 bxc4 6. Nc3 d6 7. e4 Bg4 8. Bxc4 Nbd7 9. h3 Bxf3 10. Qxf3 Bg7 11. O-O O-O 12. Qe2 Qb6 13. a5 Qb7 14. Bb5 Rab8 15. Kh2 Rfe8 16. Bc6 Qc8 17. a6 Rb4 18. Bb7 Qb8 19. Ra4 Rxa4 20. Nxa4 e6 21. Qb5 exd5 22. exd5 Re4 23. Nc3 Rb4 24. Qe2 Ne5 25. Re1 c4 26. Qc2 Nd3 27. Re2 Nc5 28. Na2 Ra4 29. Nc3 Rb4 30. Na2 Rb6 31. Qxc4 Nxb7 32. axb7 Qxb7 33. Bf4 h6 34. Be3 Ra6 35. Nc3 Nd7 36. Bd4 Ne5 37. Bxe5 Bxe5+ 38. f4 Bf6 39. b4 Rb6 40. Ne4 Bg7 41. b5 Qd7 42. Ra2 f5 43. Nd2 Qb7 44. Nf3 Rxb5 45. Rxa7 Qxa7 46. Qxb5 Kh7 47. Qe8 Qa1 48. Nh4 Qf6 49. Nf3 Qc3 50. Nh4 Qf6 51. Nf3 g5 52. fxg5 hxg5 53. Qh5+ Bh6 54. Qe8 g4 55. Qd7+ Bg7 56. hxg4 Qh6+ 57. Kg3 f4+ 58. Kf2 Qf6 59. Qf5+ Qxf5 60. gxf5 Kh6 61. g4 fxg3+ 62. Kxg3 Kh5 63. Kf4 Bf6 64. Ke4 Kg4 65. Nd2 Be7 66. Nc4 Bf8 67. Na5 Kg5 68. Nc6 Kg4 69. Nd8 Be7 70. Ne6 Bf6 71. Nc7 Be7 72. Ne8 Kg5 73. f6 Bf8 74. f7 Kg6 75. Nxd6 Kf6 1/2-1/2

[Event "White Rook U14 Final 2019"]
[Site "Sochi"]
[Date "2019.06.10"]
[Round "9.22"]
[White "Kharitonov, Maksim"]
[Black "Bratov, Ademir"]
[Result "1/2-1/2"]
[ECO "A81"]
[WhiteElo "1469"]
[BlackElo "1725"]
[Annotator "NA"]
[PlyCount "67"]
[EventDate "2019.06.02"]
[EventCountry "RUS"]
[SourceTitle "playchess.com"]
[Source "ChessBase"]
[SourceQuality "1"]
[TimeControl "5400+30"]

1. d4 f5 2. g3 Nf6 3. Bg2 g6 4. c3 Bg7 5. Qb3 d5 6. Nh3 O-O 7. Nf4 c6 8. Nd2 e6 9. Nf3 Qe8 10. Nd3 Nbd7 11. Bf4 Ne4 12. Nfe5 Nxe5 13. Bxe5 b6 14. Bxg7 Kxg7 15. f3 Nf6 16. O-O Ba6 17. Rfe1 Nd7 18. Qa3 Bb5 19. Qd6 Rc8 20. Ne5 Nxe5 21. Qxe5+ Kg8 22. e4 Qf7 23. exf5 exf5 24. Qe7 Rfe8 25. Qxf7+ Kxf7 26. Bf1 Bxf1 27. Kxf1 Kf6 28. Rxe8 Rxe8 29. Re1 Rxe1+ 30. Kxe1 Kg5 31. Kf2 f4 32. g4 c5 33. b4 c4 34. b5 1/2-1/2

[Event "White Rook U14 Final 2019"]
[Site "Sochi"]
[Date "2019.06.10"]
[Round "9.23"]
[White "Druchenko, Mikhail"]
[Black "Osadchy, Viktor S."]
[Result "1/2-1/2"]
[ECO "B00"]
[WhiteElo "1774"]
[BlackElo "2110"]
[Annotator "NA"]
[PlyCount "118"]
[EventDate "2019.06.02"]
[EventCountry "RUS"]
[SourceTitle "playchess.com"]
[Source "ChessBase"]
[SourceQuality "1"]
[TimeControl "5400+30"]

1. e4 e6 2. d4 b6 3. Nf3 Bb7 4. Bd3 Nf6 5. Nc3 Bb4 6. Bg5 h6 7. Bxf6 Qxf6 8. O-O Bxc3 9. bxc3 O-O 10. c4 Nc6 11. c3 d6 12. Bc2 e5 13. Rb1 Rab8 14. Qd3 Ba6 15. Rfd1 Na5 16. Bb3 Rbd8 17. Nd2 Nc6 18. Ba4 Ne7 19. Bb5 Bb7 20. Nf3 Ng6 21. Qe3 Qe6 22. Re1 c6 23. d5 Qd7 24. Ba4 Qc7 25. Nd2 f5 26. exf5 Rxf5 27. Bc2 Rf6 28. Ne4 Rff8 29. Rbd1 cxd5 30. cxd5 Ne7 31. Qh3 Bc8 32. Qd3 Rf4 33. Ng3 g6 34. Re4 Rxe4 35. Nxe4 Bf5 36. c4 Kg7 37. Qb3 Rc8 38. Rc1 Nxd5 39. Nxd6 Bxc2 40. Rxc2 Qxd6 41. cxd5 Rxc2 42. Qxc2 Qxd5 43. h4 Qd6 44. Qe2 h5 45. Qf3 Qc7 46. Qe3 a6 47. Qa3 a5 48. Qb2 Qc5 49. Qd2 Qd4 50. Qc2 Qc5 51. Qd2 Qc7 52. Qb2 Kf6 53. Qd2 b5 54. Qg5+ Kg7 55. Qe3 b4 56. Qd2 Qc6 57. Qd8 Qc5 58. g3 Kf7 59. Qd7+ Qe7 1/2-1/2

[Event "White Rook U14 Final 2019"]
[Site "Sochi"]
[Date "2019.06.10"]
[Round "9.24"]
[White "Belova, Darya"]
[Black "Kuskova, Ruslana"]
[Result "0-1"]
[ECO "D00"]
[WhiteElo "1163"]
[BlackElo "1177"]
[Annotator "NA"]
[PlyCount "144"]
[EventDate "2019.06.02"]
[EventCountry "RUS"]
[SourceTitle "playchess.com"]
[Source "ChessBase"]
[SourceQuality "1"]
[TimeControl "5400+30"]

1. d4 d5 2. e3 Nf6 3. Bd3 e6 4. f4 Be7 5. Nf3 c5 6. c3 O-O 7. O-O Nc6 8. Ne5 Nd7 9. Nd2 Ncxe5 10. fxe5 f5 11. Rf3 Rf7 12. Rh3 g6 13. Rf3 Bf8 14. Rf1 b6 15. Qf3 Qe7 16. c4 Bb7 17. Qe2 Bg7 18. b3 Raf8 19. Ba3 Bh6 20. Nf3 Re8 21. Rac1 Qd8 22. cxd5 cxd4 23. dxe6 Bxe3+ 24. Kh1 Rxe6 25. Bc4 Bxf3 26. Rxf3 Rxe5 27. Bxf7+ Kxf7 28. Qc4+ Re6 29. Re1 Ne5 30. Qe2 Nxf3 31. Qxf3 Qd7 32. Qh3 Ke8 33. Qf3 Re4 34. Qf1 d3 35. Rd1 Bc5 36. Bxc5 bxc5 37. h3 d2 38. Kh2 Qd6+ 39. g3 Kf7 40. Qf2 Rd4 41. Qe3 Qe6 42. Qxe6+ Kxe6 43. Kg2 Ke5 44. Kf2 Ke4 45. Ke2 Rd3 46. Rxd2 Rxd2+ 47. Kxd2 Kf3 48. g4 fxg4 49. hxg4 Kxg4 50. Ke2 h5 51. Kf2 Kf4 52. Kg2 Ke3 53. Kg3 Kd2 54. a3 Kc3 55. b4 cxb4 56. axb4 Kxb4 57. Kf4 a5 58. Kg5 a4 59. Kxg6 a3 60. Kxh5 a2 61. Kh4 a1=Q 62. Kg4 Qf1 63. Kg5 Qf3 64. Kg6 Qf4 65. Kg7 Qf5 66. Kg8 Qf6 67. Kh7 Qg5 68. Kh8 Kc5 69. Kh7 Kd6 70. Kh8 Ke7 71. Kh7 Kf7 72. Kh8 Qg7# 0-1

[Event "White Rook U14 Final 2019"]
[Site "Sochi"]
[Date "2019.06.10"]
[Round "9.25"]
[White "Efimov, Leonid"]
[Black "Vatutin, Petr"]
[Result "0-1"]
[ECO "A34"]
[WhiteElo "1666"]
[BlackElo "1693"]
[Annotator "NA"]
[PlyCount "76"]
[EventDate "2019.06.02"]
[EventCountry "RUS"]
[SourceTitle "playchess.com"]
[Source "ChessBase"]
[SourceQuality "1"]
[TimeControl "5400+30"]

1. Nf3 c5 2. c4 Nc6 3. Nc3 e5 4. e3 Nf6 5. d4 e4 6. Ne5 cxd4 7. exd4 Bb4 8. Bg5 d6 9. Nxc6 bxc6 10. d5 Bxc3+ 11. bxc3 c5 12. Be2 O-O 13. h4 Qe7 14. Qd2 Qe5 15. Bf4 Qe7 16. h5 Bg4 17. h6 g6 18. O-O Bf5 19. Rae1 Rfe8 20. Qd1 Nd7 21. g4 Bxg4 22. Bxg4 f5 23. Be2 Qh4 24. Qd2 Ne5 25. Qe3 Nf7 26. Qg3 Qf6 27. Bd1 Kh8 28. Ba4 Rg8 29. Qg2 g5 30. Bh2 g4 31. Bd7 Ng5 32. Qg3 f4 33. Qg2 Qxh6 34. Be6 Nf3+ 35. Kh1 Rg5 36. Bxg4 Rxg4 37. Qxf3 exf3 38. Re6 Qh3 0-1

[Event "White Rook U14 Final 2019"]
[Site "Sochi"]
[Date "2019.06.10"]
[Round "9.26"]
[White "Masyukov, Egor"]
[Black "Ivanov, Matvei"]
[Result "0-1"]
[ECO "A24"]
[WhiteElo "1645"]
[BlackElo "1529"]
[Annotator "NA"]
[PlyCount "172"]
[EventDate "2019.06.02"]
[EventCountry "RUS"]
[SourceTitle "playchess.com"]
[Source "ChessBase"]
[SourceQuality "1"]
[TimeControl "5400+30"]

1. c4 Nf6 2. Nc3 g6 3. g3 Bg7 4. Bg2 O-O 5. e4 d6 6. Nge2 e5 7. d3 c6 8. O-O Nbd7 9. h3 Ne8 10. Be3 Nc5 11. d4 exd4 12. Bxd4 Bxd4 13. Nxd4 Ne6 14. b3 Qf6 15. Nce2 Nxd4 16. Nxd4 Ng7 17. Qd3 Qe7 18. Rfe1 Be6 19. Rad1 Rad8 20. f4 Qd7 21. Nxe6 fxe6 22. h4 Qf7 23. Kh2 Nh5 24. Bh3 Ng7 25. Re2 Qe7 26. Qe3 a6 27. Qc3 e5 28. fxe5 Qxe5 29. Qxe5 dxe5 30. Red2 Rde8 31. Kg2 Re7 32. Rd7 Rfe8 33. Rxe7 Rxe7 34. Rd7 Kf8 35. Rxe7 Kxe7 36. Bc8 b6 37. Bxa6 Kd7 38. c5 b5 39. b4 Ne6 40. a4 bxa4 41. Bc4 Nd4 42. Kf2 a3 43. Ke1 Nc2+ 44. Kd2 Nxb4 45. Kc1 h6 46. g4 g5 47. h5 Kc7 48. Kb1 Kb7 49. Bg8 Na6 50. Ka2 Nxc5 51. Bh7 Kb6 52. Kxa3 Kb5 53. Bf5 Kc4 54. Bg6 Nd3 55. Bh7 c5 56. Bf5 Kc3 57. Ka2 c4 58. Kb1 Kd2 59. Be6 c3 60. Bb3 Nb4 61. Ba4 c2+ 62. Bxc2 Nxc2 63. Kb2 Ne3 64. Kb3 Kd3 65. Kb4 Kxe4 66. Kc3 Nxg4 67. Kd2 Nf6 68. Ke2 Nxh5 69. Ke1 g4 70. Ke2 g3 71. Ke1 Kf3 72. Kf1 Nf6 73. Kg1 e4 74. Kf1 e3 75. Ke1 e2 76. Kd2 Kf2 77. Kd3 e1=Q 78. Kd4 Qe4+ 79. Kc5 Qd5+ 80. Kb4 Qc6 81. Kb3 Qc5 82. Kb2 Qc4 83. Kb1 Qc3 84. Ka2 Qb4 85. Ka1 Nd5 86. Ka2 Nc3+ 0-1

[Event "White Rook U14 Final 2019"]
[Site "Sochi"]
[Date "2019.06.10"]
[Round "9.27"]
[White "Valiev, Ravil"]
[Black "Urdin, Matvey"]
[Result "1/2-1/2"]
[ECO "B00"]
[WhiteElo "1458"]
[BlackElo "1515"]
[Annotator "NA"]
[PlyCount "39"]
[EventDate "2019.06.02"]
[EventCountry "RUS"]
[SourceTitle "playchess.com"]
[Source "ChessBase"]
[SourceQuality "1"]
[TimeControl "5400+30"]

1. d4 b5 2. e4 a6 3. c4 bxc4 4. Bxc4 e6 5. Nc3 Bb7 6. f3 g6 7. Nge2 Bg7 8. Be3 Ne7 9. Qd2 d6 10. h4 h5 11. Kf2 Nd7 12. Rag1 Nb6 13. Bb3 d5 14. e5 Nf5 15. Bf4 Bh6 16. Bxh6 Nxh6 17. g4 hxg4 18. fxg4 c5 19. Qf4 cxd4 20. Nxd4 1/2-1/2

[Event "White Rook U14 Final 2019"]
[Site "Sochi"]
[Date "2019.06.10"]
[Round "9.28"]
[White "Chavkina, Anastasia"]
[Black "Magizova, Yana"]
[Result "0-1"]
[ECO "C42"]
[WhiteElo "1214"]
[BlackElo "1585"]
[Annotator "NA"]
[PlyCount "108"]
[EventDate "2019.06.02"]
[EventCountry "RUS"]
[SourceTitle "playchess.com"]
[Source "ChessBase"]
[SourceQuality "1"]
[TimeControl "5400+30"]

1. e4 e5 2. Nf3 d6 3. Nc3 Nf6 4. Bc4 Be6 5. Bb3 Bxb3 6. axb3 c5 7. O-O h6 8. d3 g5 9. Ne2 Bg7 10. Ng3 Nc6 11. Be3 b6 12. Nf5 Rg8 13. c3 d5 14. Nd2 d4 15. Bxg5 hxg5 16. Nf3 Bf8 17. Qd2 Nh5 18. g3 f6 19. Ra2 Ne7 20. Nxe7 Qxe7 21. Rfa1 Qd7 22. Qe2 Ng7 23. Nd2 a5 24. b4 cxb4 25. cxb4 Bxb4 26. Nc4 Rb8 27. Qc2 Ne6 28. Qe2 g4 29. Rf1 Ng5 30. Kh1 Nf3 31. h4 Rh8 32. Kg2 Qe6 33. Raa1 Rb7 34. Rh1 Rf8 35. Na3 Bxa3 36. bxa3 f5 37. Rad1 Qb3 38. Ra1 fxe4 39. Qxe4 Rg7 40. Qc6+ Kf7 41. Qd7+ Kg8 42. Qd6 Qxd3 43. Qe6+ Kh8 44. Qxb6 Qe4 45. Kf1 Nd2+ 46. Kg1 Qe2 47. Qh6+ Kg8 48. Qe6+ Kh7 49. Rh2 Nf3+ 50. Kh1 Nxh2 51. Kxh2 Rxf2+ 52. Kg1 Rg2+ 53. Kh1 Rh2+ 54. Kg1 Qg2# 0-1

[Event "White Rook U14 Final 2019"]
[Site "Sochi"]
[Date "2019.06.10"]
[Round "9.33"]
[White "Andrijashkin, Deniss"]
[Black "Silva, Kaua Marques"]
[Result "0-1"]
[ECO "A34"]
[WhiteElo "1891"]
[BlackElo "1991"]
[Annotator "NA"]
[PlyCount "108"]
[EventDate "2019.06.02"]
[EventCountry "RUS"]
[SourceTitle "playchess.com"]
[Source "ChessBase"]
[SourceQuality "1"]
[TimeControl "5400+30"]

1. Nf3 c5 2. c4 Nf6 3. Nc3 d5 4. cxd5 Nxd5 5. g3 Nc6 6. Bg2 Nc7 7. d3 e5 8. O-O Be7 9. Be3 O-O 10. Na4 b6 11. Rc1 Nd5 12. Bd2 Be6 13. b4 Ndxb4 14. Bxb4 Nxb4 15. Nxe5 Nxa2 16. Nc6 Qc7 17. Nxe7+ Qxe7 18. Ra1 Rad8 19. Qb1 Nb4 20. Nc3 Rfe8 21. Rc1 Bg4 22. Re1 Qe5 23. Qc1 Re7 24. h3 Bh5 25. g4 Bg6 26. f4 Qd4+ 27. e3 Qd7 28. f5 Nxd3 29. Qd2 Nxe1 30. Qxd7 Rexd7 31. Rxe1 Rd3 32. Ne4 Rd1 33. Kf2 Rxe1 34. Kxe1 a5 35. Ke2 a4 36. Nc3 a3 37. Bc6 c4 38. Bb5 Rd3 39. Na2 Rb3 40. Bxc4 Rb2+ 41. Kd3 b5 42. Bd5 Kf8 43. fxg6 hxg6 44. Kc3 Ke7 45. h4 f6 46. Bb3 Kd6 47. Kb4 Rg2 48. Kxa3 Rxg4 49. Bf7 Ke7 50. Bd5 Rxh4 51. Bc6 g5 52. Bxb5 g4 53. Nc3 g3 54. Bc6 Rc4 0-1